 Dungeon Crawl Stone Soup version 0.31-a0-986-g5e6e4ef867 (webtiles) character file.

Game seed: 10182596622798168783

141852 mandarbmax the Peltast (level 17, 0/142 HPs)
             Began as a Formicid Fighter on Nov 8, 2023.
             Was an Elder of Sif Muna.
             Succumbed to a naga sharpshooter's splash of poison
             ... on level 4 of the Snake Pit.
             The game lasted 00:59:19 (27707 turns).

mandarbmax the Peltast (Formicid Fighter)          Turns: 27707, Time: 00:59:20

Health: 0/142      AC: 30    Str: 40    XL:     17   Next: 95%
Magic:  15/37      EV: 11    Int:  9    God:    Sif Muna [****..]
Gold:   819        SH: 28    Dex: 13    Spells: 16/16 levels left

rFire   . . .        a - +6 quarterstaff (venom)
rCold   . . .        H - +7 tower shield {AC+3}
rNeg    . . .        G - +4 plate armour
rPois   +            (helmet unavailable)
rElec   .            K - +1 cloak {Stlth+}
rCorr   .            q - +0 pair of gloves
SInv    +            n - +0 pair of boots
Will    +....        k - amulet "Raded" {Faith rPois} Stlth
                     z - +6 ring of strength
HPRegen 0.43/turn    r - ring "Oxteligu" {MP+9 Str+6}
MPRegen 0.25/turn

%: faith
@: lethally poisoned (0 -> 0), disjoining, calling dragons, studying Poison
Magic, invisible
A: permanent stasis, dig shafts and tunnels, antennae 3, four strong arms
a: Dig, Shaft Self, Renounce Religion, Channel Magic, Forget Spell, Divine
Exegesis


You were on level 4 of the Snake Pit.
You worshipped Sif Muna.
Sif Muna was greatly pleased with you.
You visited 5 branches of the dungeon, and saw 27 of its levels.

You collected 2440 gold pieces.
You spent 1621 gold pieces at shops.

Inventory:

Hand Weapons
 a - a +6 quarterstaff of venom (weapon)
Missiles
 c - 4 throwing nets
Armour
 n - a +0 pair of boots (worn)
 q - a +0 pair of gloves (worn)
 G - a +4 plate armour (worn)
 H - a +7 tower shield of protection (worn)
 K - a +1 cloak of stealth (worn)
Jewellery
 k - the amulet "Raded" (around neck) {Faith rPois}
   (You bought it in a shop on level 2 of the Orcish Mines)

   [amulet of faith]

   Faith:     It allows you to gain divine favour quickly.
   rPois:     It protects you from poison
 r - the ring "Oxteligu" (right hand) {MP+9 Str+6}
   (You found it on level 2 of the Snake Pit)

   [ring of strength]

   Str+6:     It affects your strength (+6).
   MP+9:      It affects your magic capacity (+9).
 y - a ring of flight
 z - a +6 ring of strength (left hand)
 D - a +6 ring of intelligence
 O - a ring of resist corrosion
 P - a ring of protection from cold
 R - a ring of positive energy
 S - a ring of protection from fire
Wands
 d - a wand of iceblast (11)
 e - a wand of polymorph (25)
 t - a wand of mindburst (33)
 w - a wand of paralysis (7)
 F - a wand of light (20)
 J - a wand of digging (10)
 U - a wand of flame (21)
Scrolls
 f - 5 scrolls of immolation
 i - 3 scrolls of revelation
 j - 2 scrolls of poison
 l - 6 scrolls of fog
 p - 2 scrolls of identify
 x - 2 scrolls of vulnerability
 B - a scroll of torment
 C - 4 scrolls of amnesia
 L - a scroll of butterflies {unknown}
 N - 2 scrolls of fear
Potions
 b - 2 potions of attraction
 g - 2 potions of magic
 h - 2 potions of invisibility
 m - 3 potions of mutation
 o - 6 potions of lignification
 s - 8 potions of might
 u - a potion of resistance
 v - a potion of enlightenment
 A - 4 potions of brilliance
 E - 2 potions of cancellation
Miscellaneous
 I - a phantom mirror
 Q - a condenser vane


   Skills:
 * Level 15.2 Fighting
 - Level 14.0 Staves
 * Level 15.3 Armour
 + Level 5.5 Dodging
 * Level 20.9 Shields
 * Level 15.4 Invocations
 - Level 6.0 Evocations


You had 16 spell levels left.
You didn't know any spells.
Your spell library contained the following spells:

 Spells                   Type           Power      Damage    Failure   Level
 Apportation              Tloc           0%         N/A       89%         1
 Foxfire                  Conj/Fire      0%         2x1d4     89%         1
 Freeze                   Ice            0%         1d3       89%         1
 Necrotise                Necr           0%         1d4       89%         1
 Sting                    Tmut/Pois      0%         1d3       89%         1
 Summon Small Mammal      Summ           0%         N/A       89%         1
 Cigotuvi's Dreadful Rot  Necr/Pois/Air  0%         N/A       96%         2
 Jinxbite                 Hex            0%         N/A       96%         2
 Poisonous Vapours        Pois/Air       0%         N/A       96%         2
 Scorch                   Fire           0%         2d5       96%         2
 Sublimation of Blood     Necr           0%         N/A       96%         2
 Wereblood                Tmut           0%         N/A       96%         2
 Call Canine Familiar     Summ           0%         N/A       99%         3
 Frozen Ramparts          Ice            0%         1d1       99%         3
 Gell's Gravitas          Tloc           0%         N/A       99%         3
 Hailstorm                Conj/Ice       0%         3d3       99%         3
 Ignite Poison            Fire/Tmut/Pois 0%         N/A       99%         3
 Ozocubu's Armour         Ice            0%         N/A       99%         3
 Stone Arrow              Conj/Erth      0%         3d7       99%         3
 Summon Guardian Golem    Hex/Summ       0%         N/A       99%         3
 Teleport Other           Tloc           0%         N/A       99%         3
 Anguish                  Hex/Necr       0%         N/A       100%        4
 Animate Armour           Summ/Erth      0%         N/A       100%        4
 Animate Dead             Necr           0%         N/A       100%        4
 Cause Fear               Hex            0%         N/A       100%        4
 Olgreb's Toxic Radiance  Pois           0%         N/A       100%        4
 Passage of Golubria      Tloc           0%         N/A       100%        4
 Petrify                  Tmut/Erth      0%         N/A       100%        4
 Sticky Flame             Conj/Fire      0%         2d3       100%        4
 Alistair's Intoxication  Tmut/Pois      0%         N/A       100%        5
 Arcjolt                  Conj/Air       0%         1d10      100%        5
 Borgnjor's Vile Clutch   Necr/Erth      0%         N/A       100%        5
 Fireball                 Conj/Fire      0%         3d3       100%        5
 Irradiate                Conj/Tmut      0%         3d11      100%        5
 Summon Forest            Summ/Tloc      0%         N/A       100%        5
 Conjure Ball Lightning   Conj/Air       0%         3x3d6     100%        6
 Death Channel            Necr           0%         N/A       100%        6
 Eringya's Noxious Bog    Tmut/Pois      0%         4d6       100%        6
 Plasma Beam              Fire/Air       0%         2x1d10    100%        6
 Starburst                Conj/Fire      0%         6d3       100%        6
 Enfeeble                 Hex            0%         N/A       100%        7
 Ozocubu's Refrigeration  Ice            0%         4d7       100%        7
 Summon Hydra             Summ           0%         N/A       100%        7
 Discord                  Hex            0%         N/A       100%        8
 Disjunction              Tloc           0%         N/A       100%        8
 Ignition                 Fire           0%         3d3       100%        8
 Lehudib's Crystal Spear  Conj/Erth      0%         10d2      100%        8
 Maxwell's Capacitive Co  Air            0%         ∞         100%        8
 Dragon's Call            Summ           0%         N/A       100%        9
 Vhi's Electric Charge    Tloc/Air       Unusable   N/A       N/A         4

Dungeon Overview and Level Annotations

Branches:
Dungeon (15/15)            Temple (1/1) D:4            Lair (5/5) D:9
 Shoals (0/4) Lair:2        Snake (4/4) Lair:3        Slime (0/5) Lair:4
    Orc (2/2) D:11            Elf (0/3) Orc:2        Vaults (0/5) D:13
 Depths (0/4) D:15

Altars:
Ashenzari
Cheibriados
Dithmenos
Elyvilon
Fedhas
Gozag
Hepliaklqana
Kikubaaqudgha
Makhleb
Nemelex Xobeh
Okawaru
Qazlal
Ru
Sif Muna
Trog
Uskayaw
Vehumet
Wu Jian
Xom
Yredelemnul
Zin
The Shining One
Jiyva
Lugonu

Shops:
D:7 [!*   D:10 =   Orc:2 (=*[(   Snake:2 ==:

Portals:
Abyss: Lair:5

Annotations:
D:15 3 runed translucent doors, Xiynir's ghost, adept VSSh


Innate Abilities, Weirdness & Mutations

You cannot be hasted, slowed, berserked, paralysed or teleported.
You can dig through walls and to a lower floor.
You have a pair of large antennae on your head. (SInv)
Your four strong arms can wield two-handed weapons with a shield.


Message History

The shock serpent bites you but does no damage.
The black mamba bites you but does no damage.
You hear a shout! x2
Unknown command.
You feel sick. You block the black mamba's attack.
The shock serpent shoots out a bolt of lightning at you!
The bolt of electricity hits you!
* * * LOW HITPOINT WARNING * * *
You block the black mamba's attack. x2
The shock serpent shoots out a bolt of lightning at you!
The bolt of electricity hits you.
* * * LOW HITPOINT WARNING * * *
The bolt of electricity hits you!
* * * LOW HITPOINT WARNING * * *
The bolt of electricity hits the shock serpent.
The shock serpent completely resists.
Unknown command.
The shock serpent blinks!
The black mamba blinks!
The shock serpent blinks!
The black mamba blinks!
The shock serpent blinks!
You feel sick.
Okay, then.
You can't shaft yourself on this level.
You call out to the draconic realm, and the dragon horde roars back!
Sif Muna will no longer gift you books.
The black mamba blinks!
A dragon arrives to answer your call!
You feel sick.
You hear a shout! x2; You hear an angry hiss. x2; You hear a shout! x2
You hear an angry hiss.
The shock serpent shoots out a bolt of lightning at you!
The bolt of electricity hits you!
* * * LOW HITPOINT WARNING * * *
Your fire dragon bites the shock serpent but does no damage.
Your fire dragon claws the shock serpent!
The shock serpent's electric aura discharges, shocking your fire dragon!
Your fire dragon tramples the shock serpent!
The shock serpent holds its ground!
The shock serpent's electric aura discharges, shocking your fire dragon!
You fade into invisibility!
The black mamba blinks!
The shock serpent blinks! x3
Your fire dragon blinks!
A dragon arrives to answer your call!
You die...

........#... # {
#......D.##.. #
###.......N.... #.
#.........S....
#.##..##...).S...#
................#
####..S.§......##
#.....§.....####
#..#.##.#@§....# {
#. #.####§....##
#. #.##.#.§..## #
##.......##
#...###..# .
#...†#.####.'..
#.##..#..#.#.'D
#..#...#.)#.. {
##.##..#..##


You could see 2 shock serpents, a black mamba (unable to see you), a naga (ally
target), a friendly fire dragon (summoned) and a friendly ice dragon (summoned).

Vanquished Creatures
  Saint Roka (Orc:2)
  The ghost of Axiustri the Archmage, an adept DESu of Gozag (Snake:2)
  Kirke (D:12)
  Roxanne (Snake:1)
  2 nagarajas
  Louise (Snake:3)
  Nessos (Lair:4)
  Azrael (Orc:2)
  Snorg (D:13)
  8 vault guards (D:13)
  A rakshasa (D:15)
  A great orb of eyes (D:15)
  5 hydras
  Erica (D:11)
  4 anacondas
  2 centaur warriors
  3 boulder beetles
  A two-headed ogre (D:10)
  12 death yaks
  2 tengu warriors (D:14)
  12 naga warriors
  5 shock serpents
  An orc high priest (Orc:2)
  2 thrashing horrors (Lair:5)
  3 naga sharpshooters
  5 skeletal warriors (D:13)
  5 naga ritualists
  3 salamander mystics
  An arcanist (D:15)
  Pikel (D:8)
  A lindwurm (Lair:4)
  5 orc knights
  5 deep elf pyromancers
  11 mana vipers
  8 ugly things
  2 orc sorcerers (Orc:2)
  3 cyclopes
  11 salamanders
  An elephant (Lair:5)
  Maurice (D:13)
  32 black mambas
  A merfolk siren (Lair:2)
  2 guardian serpents
  3 smoke demons (Lair:5)
  3 gargoyles
  4 cane toads
  11 naga magi
  Jeremiah (Lair:1)
  2 freezing wraiths (D:14)
  A kobold demonologist (D:12)
  9 komodo dragons
  6 rime drakes
  2 tengu conjurers (D:13)
  An efreet (D:12)
  A troll (shapeshifter) (Lair:5)
  7 trolls
  A polar bear (Lair:2)
  A wolf spider simulacrum (D:15)
  Prince Ribbit (D:8)
  2 raiju (Lair:5)
  18 blink frogs
  21 dream sheep
  3 slime creatures (D:15)
  A vampire (D:9)
  A spriggan (shapeshifter) (D:15)
  2 wraiths
  A ynoxinul (Lair:5)
  A hog (D:12)
  10 wyverns
  8 basilisks
  3 shadows
  A yak (shapeshifter) (Lair:5)
  4 fire elementals (Orc:2)
  32 yaks
  Grum (D:9)
  2 steam dragons
  2 large abominations (Lair:5)
  A redback (shapeshifter) (D:15)
  4 wargs
  A vampire mosquito (D:12)
  Menkaure (D:5)
  34 nagas
  9 water moccasins
  3 acid dragons
  A hell hound (Orc:2)
  5 black bears
  30 orc warriors
  11 wolves
  2 ogres
  15 centaurs
  4 lemures
  A kobold brigand (D:7)
  12 bullfrogs
  3 gnoll sergeants
  7 small abominations (Lair:5)
  2 scorpions (D:6)
  6 wights
  5 killer bees (D:10)
  13 howler monkeys
  A lava snake (D:11)
  14 orc priests
  2 gnoll boudas
  2 hounds (D:6)
  6 jellies
  7 hell rats
  An iguana (D:7)
  Ijyb (D:4)
  17 orc wizards
  Robin (D:2)
  19 gnolls
  11 adders
  4 ufetubi
  2 dart slugs (D:1)
  69 orcs
  5 endoplasms
  5 giant cockroaches
  13 goblins
  4 hobgoblins
  4 quokkas
  3 ball pythons
  6 bats
  4 frilled lizards
  11 kobolds
  4 rats
724 creatures vanquished.

Vanquished Creatures (collateral kills)
  The ghost of osoart the Spear-Bearer, a journeyman DsNe of Yredelemnul (D:12)
  An anaconda (Snake:2)
  3 two-headed ogres (D:12)
  2 shock serpents (Snake:2)
  An orc knight (D:12)
  A mana viper (Snake:2)
  4 moths of wrath
  5 black mambas (Snake:2)
  2 guardian serpents (Snake:2)
  2 trolls (D:12)
  4 blink frogs (Lair:5)
  A chaos spawn (Lair:5)
  A small abomination (Lair:5)
28 creatures vanquished.

Vanquished Creatures (others)
  A human (D:12)
  An orc (Orc:2)
2 creatures vanquished.

Grand Total: 754 creatures vanquished

Notes
Turn   | Place    | Note
-------+----------+-------------------------------------------
     0 | D:1      | mandarbmax the Formicid Fighter began the quest for the
                  | Orb.
     0 | D:1      | Reached XP level 1. HP: 18/18 MP: 1/1
   311 | D:1      | Reached XP level 2. HP: 24/24 MP: 2/2
   730 | D:2      | Noticed Robin
   742 | D:2      | Reached XP level 3. HP: 11/26 MP: 3/3
   751 | D:2      | Killed Robin
   925 | D:2      | Reached XP level 4. HP: 32/34 MP: 4/4
  1431 | D:3      | Found a basalt altar of Yredelemnul.
  1431 | D:3      | Found a shadowy altar of Dithmenos.
  1533 | D:3      | Reached XP level 5. HP: 37/42 MP: 5/5
  1681 | D:3      | Found a faded altar of an unknown god.
  1955 | D:4      | Found a hide-covered altar of Uskayaw.
  1955 | D:4      | Found a radiant altar of Vehumet.
  1964 | D:4      | Noticed a black bear
  1976 | D:4      | Killed a black bear
  1977 | D:4      | Reached skill level 5 in Shields
  1977 | D:4      | Reached XP level 6. HP: 41/48 MP: 6/6
  2004 | D:4      | Found a staircase to the Ecumenical Temple.
  2011 | Temple   | Entered the Ecumenical Temple
  2037 | D:4      | Noticed a black bear
  2053 | D:4      | Killed a black bear
  2223 | D:4      | Noticed Ijyb
  2230 | D:4      | Killed Ijyb
  2233 | D:4      | Identified the +3 scale mail "Taorath" {rF+}
  2345 | D:5      | Entered Level 5 of the Dungeon
  2402 | D:5      | Reached XP level 7. HP: 55/55 MP: 7/7
  2501 | D:5      | Noticed Menkaure
  2510 | D:5      | Killed Menkaure
  2511 | D:5      | Reached skill level 5 in Staves
  2511 | D:5      | Reached skill level 6 in Shields
  2516 | D:5      | Found a stormy altar of Qazlal.
  2555 | D:5      | Noticed Pikel
  2629 | D:5      | Reached skill level 5 in Fighting
  2629 | D:5      | Reached skill level 5 in Armour
  2758 | D:5      | Reached XP level 8. HP: 38/62 MP: 8/8
  2817 | D:5      | Found an ornate altar of the Wu Jian Council.
  3044 | Temple   | Became a worshipper of Sif Muna the Loreminder
  3154 | D:6      | Reached skill level 1 in Invocations
  3591 | D:6      | Reached skill level 7 in Shields
  3658 | D:6      | Found a sacrificial altar of Ru.
  3728 | D:6      | Reached XP level 9. HP: 69/69 MP: 10/10
  4126 | D:7      | Found Nuvutacy's Assorted Antiques.
  4149 | D:7      | Bought a scroll labelled HELIAN JATIUTH for 28 gold pieces
  4149 | D:7      | Bought a scroll labelled OTYHAGEITI for 28 gold pieces
  4149 | D:7      | Bought an emerald potion for 25 gold pieces
  4149 | D:7      | Bought a gold wand for 112 gold pieces
  4187 | D:7      | Found Okaruaga's Antique Armour Shoppe.
  4195 | D:7      | Bought a shiny tower shield for 202 gold pieces
  4243 | D:7      | Found Bexono's Distillery.
  4246 | D:7      | Bought a potion of heal wounds for 70 gold pieces
  4338 | D:7      | Reached * piety under Sif Muna
  4626 | D:8      | Reached skill level 8 in Shields
  4693 | D:8      | Found a hazy altar of Hepliaklqana.
  4696 | D:8      | Found a blossoming altar of Fedhas.
  4698 | D:8      | Found a glowing golden altar of the Shining One.
  4699 | D:8      | Found a glowing silver altar of Zin.
  4852 | D:8      | Killed Pikel
  4853 | D:8      | Reached XP level 10. HP: 79/79 MP: 13/13
  5261 | D:8      | Noticed Prince Ribbit
  5271 | D:8      | Killed Prince Ribbit
  5272 | D:8      | Reached skill level 5 in Invocations
  5757 | D:9      | Reached skill level 9 in Shields
  5765 | D:9      | Reached ** piety under Sif Muna
  5904 | D:9      | Noticed Grum
  5921 | D:9      | Killed Grum
  6093 | D:9      | Reached XP level 11. HP: 50/86 MP: 15/15
  6128 | D:9      | Found a staircase to the Lair.
  6223 | D:10     | Entered Level 10 of the Dungeon
  6232 | D:10     | Found Ischi's Jewellery Shop.
  6286 | D:10     | Noticed a two-headed ogre
  6297 | D:10     | Killed a two-headed ogre
  6347 | D:10     | Reached skill level 10 in Staves
  6465 | D:10     | Reached skill level 10 in Shields
  7040 | D:10     | Acquired a manual of Shields
  7436 | D:11     | Reached *** piety under Sif Muna
  7709 | D:11     | Noticed Erica
  7722 | D:11     | Killed Erica
  7965 | D:11     | Found a staircase to the Orcish Mines.
  8130 | D:12     | Noticed a deep elf pyromancer
  8139 | D:12     | You fall into a shaft and drop 2 floors!
  8188 | D:14     | Noticed a five-headed hydra
  8225 | D:14     | Reached skill level 11 in Shields
  8248 | D:14     | Noticed a tengu warrior
  8275 | D:14     | Killed a tengu warrior
  8276 | D:14     | Reached skill level 1 in Evocations
  8276 | D:14     | Reached XP level 12. HP: 95/95 MP: 17/17
  8355 | D:14     | Killed a five-headed hydra
  8393 | D:14     | Noticed a tengu warrior
  8394 | D:14     | Noticed a boulder beetle
  8406 | D:14     | Killed a tengu warrior
  8414 | D:14     | Killed a boulder beetle
  8459 | D:13     | Noticed a vault guard
  8460 | D:13     | Noticed a vault guard
  8464 | D:13     | Noticed a vault guard
  8483 | D:13     | Killed a vault guard
  8484 | D:13     | Reached skill level 12 in Shields
  8500 | D:13     | Killed a vault guard
  8508 | D:13     | Killed a vault guard
  8554 | D:13     | Noticed a vault guard
  8562 | D:13     | Noticed a vault guard
  8570 | D:13     | Killed a vault guard
  8578 | D:13     | Killed a vault guard
  8612 | D:13     | Found a gate to the Vaults.
  8649 | D:13     | Noticed a skeletal warrior
  8649 | D:13     | Noticed a skeletal warrior
  8650 | D:13     | Noticed a skeletal warrior
  8650 | D:13     | Noticed a skeletal warrior
  8650 | D:13     | Noticed a skeletal warrior
  8690 | D:13     | Killed a skeletal warrior
  8692 | D:13     | Killed a skeletal warrior
  8704 | D:13     | You fall into a shaft and drop 1 floor!
  8808 | D:13     | Noticed a boulder beetle
  8828 | D:13     | Killed a boulder beetle
  8829 | D:13     | Reached skill level 10 in Armour
  8873 | D:13     | Reached skill level 10 in Fighting
  8873 | D:13     | Reached XP level 13. HP: 103/103 MP: 19/19
  9119 | D:13     | Reached skill level 13 in Shields
  9133 | D:13     | Noticed a centaur warrior
  9143 | D:13     | Killed a centaur warrior
  9301 | D:13     | Noticed Snorg
  9321 | D:13     | Killed Snorg
  9355 | D:13     | Noticed a vault guard
  9366 | D:13     | Killed a vault guard
  9506 | D:12     | Noticed Kirke
  9518 | D:12     | Killed Kirke
  9518 | D:12     | Reached **** piety under Sif Muna
  9566 | D:12     | Found a bloodstained altar of Trog.
  9566 | D:12     | Noticed osoart's ghost (journeyman DsNe)
  9567 | D:12     | Found a transporter.
  9586 | D:12     | Found a transporter.
  9692 | D:12     | Reached skill level 5 in Evocations
 10339 | D:12     | Reached skill level 14 in Shields
 10357 | D:12     | Killed osoart's ghost
 10669 | D:15     | Entered Level 15 of the Dungeon
 10919 | D:13     | Noticed Maurice
 10933 | D:13     | Killed Maurice
 10971 | D:13     | Reached skill level 10 in Invocations
 11070 | D:13     | Noticed a vault guard
 11079 | D:13     | Killed a vault guard
 11080 | D:13     | Reached XP level 14. HP: 111/111 MP: 21/21
 11396 | D:15     | Found a runed translucent gate.
 11396 | D:15     | Found a runed translucent gate.
 11396 | D:15     | Found a runed translucent gate.
 11396 | D:15     | Noticed an azure jelly
 11397 | D:15     | Found a viscous altar of Jiyva.
 11397 | D:15     | Noticed Xiynir's ghost (adept VSSh)
 11733 | D:10     | Bought an amulet of faith for 440 gold pieces
 11990 | D:15     | Reached skill level 15 in Shields
 12077 | D:15     | Found a staircase to the Depths.
 12857 | Lair:1   | Entered Level 1 of the Lair of Beasts
 13188 | Lair:1   | Identified the +3 sling of Irrepressible Laughter {drain,
                  | MP+9}
 13237 | Lair:1   | Reached skill level 16 in Shields
 13290 | Lair:1   | Noticed Jeremiah
 13297 | Lair:1   | Killed Jeremiah
 13297 | Lair:1   | Reached ***** piety under Sif Muna
 14110 | Lair:2   | Found a staircase to the Shoals.
 14194 | Lair:2   | Identified the "Gijagu Vace" (Sif Muna gifted it to you on
                  | level 2 of the Lair of Beasts)
 14194 | Lair:2   | Received a gift from Sif Muna
 14760 | Lair:3   | Reached XP level 15. HP: 114/115 MP: 23/23
 14937 | Lair:3   | Reached skill level 17 in Shields
 15302 | Lair:3   | Found a staircase to the Snake Pit.
 15594 | Lair:4   | Received a gift from Sif Muna
 15616 | Lair:4   | Found a staircase to the Slime Pits.
 15851 | Lair:4   | Noticed Nessos
 15859 | Lair:4   | Killed Nessos
 15860 | Lair:4   | Reached skill level 1 in Dodging
 16234 | Lair:4   | Found a viscous altar of Jiyva.
 16462 | Lair:4   | Reached skill level 18 in Shields
 16680 | Lair:5   | Entered Level 5 of the Lair of Beasts
 17599 | Lair:5   | Reached XP level 16. HP: 122/131 MP: 25/25
 17607 | Lair:5   | Reached skill level 19 in Shields
 17626 | Lair:5   | Found a corrupted altar of Lugonu.
 17626 | Lair:5   | Found a one-way gate to the infinite horrors of the Abyss.
 17643 | Lair:5   | Identified the +5 long sword of Blood {elec, *Corrode rN+
                  | Will+ Dex+3}
 18765 | Orc:1    | Entered Level 1 of the Orcish Mines
 18785 | Orc:1    | Received a gift from Sif Muna
 19271 | Orc:2    | Entered Level 2 of the Orcish Mines
 19277 | Orc:2    | Found a staircase to the Elven Halls.
 19337 | Orc:2    | Noticed Saint Roka
 19501 | Orc:2    | Killed Saint Roka
 19826 | Orc:2    | Noticed Azrael
 19839 | Orc:2    | Received a gift from Sif Muna
 19854 | Orc:2    | Killed Azrael
 19937 | Orc:2    | Found Boefocay's Firing Range.
 20001 | Orc:2    | Found Diuff's Antique Armour Shoppe.
 20016 | Orc:2    | Found Fyil's General Store.
 20441 | Orc:2    | Found Moxoth's Antique Weapon Shoppe.
 20456 | Orc:2    | Found Paynoc's Jewellery Shoppe.
 20463 | Orc:2    | Bought the amulet "Raded" {Faith rPois} for 716 gold pieces
 20652 | Snake:1  | Entered Level 1 of the Snake Pit
 20652 | Snake:1  | Noticed Roxanne
 20832 | Snake:1  | Killed Roxanne
 21782 | Snake:1  | Identified the +2 leather armour of the Blue Moon {Int+5
                  | Slay+3}
 22191 | Snake:2  | Identified the "Gyicim"
 22602 | Snake:2  | Noticed a nagaraja
 22617 | Snake:2  | Killed a nagaraja
 22905 | Snake:2  | Reached skill level 20 in Shields
 22926 | Snake:2  | Reached XP level 17. HP: 53/132 MP: 27/27
 23195 | Snake:2  | Noticed Axiustri's ghost (adept DESu)
 23198 | Snake:2  | Found a transporter.
 23666 | Snake:2  | Found a transporter.
 23966 | Snake:2  | Found Kapifa's Jewellery Boutique.
 23967 | Snake:2  | Found Dek Vede's Book Shoppe.
 23968 | Snake:2  | Found Ycoarots's Jewellery Boutique.
 24290 | Snake:2  | HP: 3/140 [mana viper (17)]
 24293 | Snake:2  | You fall into a shaft and drop 1 floor!
 24817 | Snake:2  | Identified the ring "Oxteligu" {MP+9 Str+6}
 24829 | Snake:2  | Killed Axiustri's ghost
 25277 | Snake:3  | Noticed Louise
 25292 | Snake:3  | Killed Louise
 25313 | Snake:3  | Reached skill level 5 in Dodging
 25978 | Snake:3  | Reached skill level 15 in Armour
 25978 | Snake:3  | Reached skill level 15 in Invocations
 26793 | Snake:4  | Entered Level 4 of the Snake Pit
 26824 | Snake:4  | Reached skill level 15 in Fighting
 27688 | Snake:4  | Identified the +5 hand axe of Vengeance {freeze, rN+ Will+
                  | SInv}
 27706 | Snake:4  | HP: 1/142 [shock serpent/bolt of electricity (16)]
 27707 | Snake:4  | Succumbed to a naga sharpshooter's splash of poison

Illustrated notes

Levels and vault maps discovered:
D:1:      enne_arrival_octagon_isle, layout_loops_ring
D:2:      layout_rooms, uniq_robin
D:3:      layout_rooms, grunt_dithmenos_smoke_and_mirrors,
          mainiacjoe_overflow_alcove_1, nicolae_ecumenical_lake_church
D:4:      layout_cave_pools, nicolae_overflow_two_pavilions,
          minmay_temple_entry_statues_pillars, uniq_ijyb
D:5:      layout_rooms, grunt_qazlal_sundering, lemuel_doored_altar,
          serial_rivers, chequers_serial_rivers_micro_b,
          chequers_serial_rivers_micro_a, chequers_serial_rivers_room_a,
          chequers_serial_rivers_micro_e, chequers_serial_rivers_micro_e,
          chequers_serial_rivers_room_a, uniq_menkaure, uniq_pikel
D:6:      layout_gridville, nicolae_ru_sacrificial_ziggurat
D:7:      layout_cave_pools, serial_shops, kennysheep_mini_moat,
          nicolae_shop_peninsula, shop, kennysheep_cross_room,
          minmay_misc_feat_chi, kennysheep_pointless_box,
          minmay_chambers_of_fives
D:8:      layout_basic, mainiacjoe_overflow_alcove_3, uniq_prince_ribbit1
D:9:      layout_long_grid, lair_entry_dummy, uniq_grum
D:10:     layout_stronghold, serial_shops, nicolae_shop_pleasant_corner_grove,
          glass_columns_b
D:11:     layout_irregular_city, minmay_orc_entry_temple_small,
          nicolae_lava_and_water, uniq_erica
D:12:     layout_cave_pods, gammafunk_ghost_wrathful_warriors,
          hangedman_decor_opposing, uniq_kirke
D:13:     layout_gridville, erik_vaults_2, uniq_snorg, uniq_maurice
D:14:     layout_roguey, serial_park_gazebo [serial_park_minivault_5x5_2]
D:15:     gammafunk_enter_depths_forms, layout_basic,
          nemelex_diamond_rough_becter, gammafunk_ghost_ooze
Temple:   minmay_temple_curvy_loop
Lair:1:   layout_gridlike, patterned_corridor, uniq_jeremiah
Lair:2:   layout_roguey, minmay_shoals_entry_lonely_mermaid,
          hangedman_lair_generics_rect, grunt_megastairs_5
Lair:3:   wander_river, layout_misc_corridors,
          minmay_snake_entry_guardpost_small, st_stairs_4
Lair:4:   layout_small_grid, nicolae_slime_entry_field_trip,
          serial_bayou_pond_a, nicolae_quartered_pool_impasse, uniq_nessos
Lair:5:   hellmonk_lair_end_abyssal_woods, layout_small_grid,
          amcnicky_mini_pool_medium, infiniplex_staircase_pool,
          grunt_megastairs_1
Snake:1:  layout_layer_cave, dpeg_stationary_puzzle
Snake:2:  layout_layer_cave, gammafunk_ghost_berserking_beasts,
          minmay_shop_grove
Snake:3:  layout_chambers, uniq_louise
Snake:4:  johnstein_snake_rune_scales, layout_cave_shapes, grunt_ministairs_2,
          nicolae_snake_salamander_fort, serial_bayou_shore_b, uniq_donald
Orc:1:    layout_caves, mines2_david
Orc:2:    grunt_orc_cross, layout_caves, nicolae_shop_firing_range, uniq_azrael

Skill      XL: |  1  2  3  4  5  6  7  8  9 10 11 12 13 14 15 16 17 |
---------------+----------------------------------------------------+-----
Staves         | 3 4 5 6 8 9 11 12 13 14 | 14.0
Armour         | 4 5 6 7 8 9 10 12 13 14 15 | 15.3
Fighting       | 4 5 6 7 8 9 10 12 13 14 15 | 15.2
Shields        | 5 6 7 8 9 11 12 14 16 18 20 | 20.9
Invocations    | 2 4 6 7 8 10 11 12 14 15 | 15.4
Evocations     | 1 4 5 6 |  6.0
Dodging        | 2 4 5 |  5.5

Action                     |  1- 3 |  4- 6 |  7- 9 | 10-12 | 13-15 | 16-18 || total
---------------------------+-------+-------+-------+-------+-------+-------++-------
  Melee: Quarterstaff      |    66 |   121 |   361 |   556 |  1017 |  1046 ||  3167
   Cast: Dragon's Call     |       |       |       |       |     2 |     2 ||     4
         Disjunction       |       |       |       |       |       |     1 ||     1
         Ignition          |       |       |       |       |       |     1 ||     1
 Invoke: Divine Exegesis   |       |       |       |       |     2 |     4 ||     6
Ability: Dig               |     3 |       |     4 |     4 |    13 |    11 ||    35
         Shaft Self        |       |       |       |     2 |       |     1 ||     3
  Evoke: Wand              |       |       |       |    11 |     4 |     1 ||    16
         Condenser vane    |       |       |       |       |       |     1 ||     1
    Use: Potion            |     3 |     1 |       |     7 |     2 |     4 ||    17
         Scroll            |       |     3 |     4 |    14 |     7 |     5 ||    33
   Stab: Invisible         |       |       |       |     2 |       |       ||     2
         Paralysed         |       |       |       |     6 |       |       ||     6
         Distracted        |       |       |       |       |     2 |       ||     2
 Armour: Scale mail        |    48 |    11 |   265 |   262 |    55 |       ||   641
         Chain mail        |       |    82 |       |       |       |       ||    82
         Plate armour      |       |       |       |       |   351 |   262 ||   613
  Dodge: Dodged            |    27 |    52 |   145 |    93 |   106 |    95 ||   518
  Block: Buckler           |     9 |    29 |    61 |       |       |       ||    99
         Tower shield      |       |       |    79 |   407 |   735 |   882 ||  2103

Table legend: (Time is in decaauts)
 A = Elapsed time spent in this place.
 B = Non-inter-level travel time spent in this place.
 C = Inter-level travel time spent in this place.
 D = Time resting spent in this place.
 E = Time spent auto-exploring this place.
 F = Levels seen in this place.
 G = Mean time per level.
                   A        B        C        D        E       F      G
               +--------+--------+--------+--------+--------+-----+--------+
         Total |  27115 |  25264 |   1851 |   2001 |  17904 |  27 | 1004.3 |
       Dungeon |  12903 |  11582 |   1321 |    384 |   8188 |  15 |  860.2 |
        Temple |     61 |     14 |     47 |      0 |      0 |   1 |   61.0 |
          Lair |   5833 |   5572 |    261 |    561 |   4008 |   5 | 1166.6 |
     Snake Pit |   6657 |   6492 |    165 |   1055 |   4494 |   4 | 1664.2 |
  Orcish Mines |   1658 |   1603 |     55 |      0 |   1213 |   2 |  829.0 |
               +--------+--------+--------+--------+--------+-----+--------+

Top non-repeatable levels by time:
 Snake:3: 2329 daAuts
 Snake:2: 2136 daAuts
  Lair:5: 1681 daAuts
    D:13: 1370 daAuts
 Snake:1: 1349 daAuts
    D:10: 1292 daAuts
  Lair:4: 1276 daAuts
    D:12: 1205 daAuts
   Orc:2: 1173 daAuts
  Lair:2: 1003 daAuts
  Lair:3: 971 daAuts
    D:14: 965 daAuts
    D:15: 921 daAuts
  Lair:1: 900 daAuts
     D:9: 882 daAuts
